 Dungeon Crawl Stone Soup version 0.29-a0-541-gaf1fc19f1b (webtiles) character file.

Game seed: 3859381778717557004

188 Nedwor the Twirler (level 5, -1/47 HPs)
             Began as a Minotaur Gladiator on June 2, 2022.
             Succumbed to an orc wizard's poison
             ... on level 3 of the Dungeon.
             The game lasted 00:02:30 (2727 turns).

Nedwor the Twirler (Minotaur Gladiator)             Turns: 2727, Time: 00:02:31

Health: -1/47      AC: 11    Str: 20    XL:     5   Next: 39%
Magic:  4/4        EV:  8    Int:  5    God:
Gold:   133        SH:  0    Dex: 12    Spells: 4/4 levels left

rFire   . . .      SeeInvis .   a - +0 quarterstaff
rCold   . . .      Faith    .   (shield currently unavailable)
rNeg    . . .      Spirit   .   m - +0 chain mail
rPois   .          Reflect  .   c - +0 hat
rElec   .          Harm     .   (no cloak)
rCorr   .          Rampage  .   (no gloves)
Will    .....                   f - +2 pair of boots
Stlth   ..........              (no amulet)
HPRegen 0.15/turn               (no ring)
MPRegen 0.09/turn               (no ring)

@: lethally poisoned (-1 -> -34)
A: horns 2, retaliatory headbutt
a: no special abilities


You were on level 3 of the Dungeon.
You visited 1 branch of the dungeon, and saw 3 of its levels.

You collected 133 gold pieces.

Inventory:

Hand Weapons
 a - a +0 quarterstaff (weapon)
Missiles
 d - 3 throwing nets (quivered)
 e - a javelin
Armour
 c - a +0 hat (worn)
 f - a +2 pair of boots (worn)
 m - a +0 chain mail (worn)
Scrolls
 g - 2 scrolls of teleportation {unknown}
 j - a scroll of immolation {unknown}
 k - a scroll of enchant weapon {unknown}
Potions
 b - a potion of ambrosia {unknown}
 h - 2 potions of attraction {unknown}
 i - a potion of flight {unknown}
 l - a potion of brilliance {unknown}
 n - a potion of berserk rage {unknown}


   Skills:
 + Level 4.3 Fighting
 * Level 6.4 Staves
 - Level 2.0 Throwing
 - Level 3.2 Dodging


You had 4 spell levels left.
You didn't know any spells.
Your spell library contained the following spells:

 Spells                   Type           Power      Damage    Failure   Level
 Sandblast                Erth           0%         2d4       100%        1
 Passwall                 Tmut/Erth      0%         N/A       100%        2
 Sublimation of Blood     Necr           0%         N/A       100%        2
 Wereblood                Tmut           0%         N/A       100%        2
 Stone Arrow              Conj/Erth      0%         3d7       100%        3
 Summon Hydra             Summ           0%         N/A       100%        7


Dungeon Overview and Level Annotations

Branches:
Dungeon (3/15)

Altars:


Innate Abilities, Weirdness & Mutations

You have a pair of horns on your head.
You reflexively headbutt those who attack you in melee.


Message History

The spectral goblin hits you but does no damage.
You hit the spectral goblin.
The spectral goblin is lightly damaged.
The orc splashes around in the water.
Something hits you but does no damage.
You are poisoned.
The kobold hits you but does no damage. The spectral goblin closely misses you.
You furiously retaliate!
You headbutt the spectral goblin!
You destroy the spectral goblin!
Your unstable footing causes you to fumble your attack.
You feel sick. The orc hits you but does no damage.
Something hits you but does no damage.
You are more poisoned.
The kobold closely misses you.
Your unstable footing causes you to fumble your attack.
You feel very sick. The orc hits you but does no damage.
Something hits you but does no damage.
You are more poisoned.
The kobold closely misses you.
You closely miss the kobold. Your headbutt misses the kobold.
You feel very sick. The orc closely misses you. You furiously retaliate!
You headbutt the orc. Something hits you.
You are more poisoned.
The kobold closely misses you.
You barely miss something.
You feel very sick. The orc hits you with a +0 dagger. Something hits you.
You are more poisoned.
The kobold hits you with a +0 whip.
Your unstable footing causes you to fumble your attack.
You feel extremely sick. The orc hits you but does no damage.
Something hits you but does no damage. The kobold hits you but does no damage.
You hit the kobold.
You kill the kobold!
* * * LOW HITPOINT WARNING * * *
You feel very sick. The orc hits you but does no damage.
Something hits you but does no damage.
You are more poisoned.
You die...

......#.#...≈#8.#≈#≈#≈≈
###.###.#.##.≈≈≈..≈_≈.≈.
#.. ..#.#<.##≈.≈≈.≈.≈#
... ### #.≈≈≈#≈..≈.≈≈#
... ...####.≈..≈≈≈.≈≈
#.....##≈≈.≈≈#
#.###)≈≈#'''##≈
#.####≈o...≈.≈.
#....).@......#
#...........###
#...........#
#...........#
#...........#
.............#
##############


You could see an orc.

Vanquished Creatures
  Jessica (D:2)
  Robin (D:3)
  3 gnolls (D:2)
  6 adders (D:2)
  A worm (D:2)
  2 orcs (D:3)
  6 ball pythons
  6 endoplasms
  17 goblins
  5 hobgoblins
  2 jackals (D:2)
  2 quokkas
  4 bats
  3 frilled lizards
  A kobold (D:3)
  2 rats (D:3)
  A spectral goblin (D:3)
63 creatures vanquished.

Notes
Turn   | Place    | Note
-------+----------+-------------------------------------------
     0 | D:1      | Nedwor the Minotaur Gladiator began the quest for the Orb.
     0 | D:1      | Reached XP level 1. HP: 18/18 MP: 0/0
    71 | D:1      | Reached skill level 4 in Staves
   252 | D:1      | Reached XP level 2. HP: 25/25 MP: 1/1
   962 | D:2      | Noticed Jessica
   974 | D:2      | Killed Jessica
   975 | D:2      | Reached skill level 5 in Staves
   975 | D:2      | Reached XP level 3. HP: 4/31 MP: 2/2
  1310 | D:2      | Reached XP level 4. HP: 38/38 MP: 3/3
  1816 | D:2      | Reached skill level 6 in Staves
  1863 | D:2      | Reached XP level 5. HP: 40/46 MP: 4/4
  2492 | D:3      | Noticed Robin
  2516 | D:3      | Killed Robin
  2706 | D:3      | Found a faded altar of an unknown god.
  2727 | D:3      | Succumbed to an orc wizard's poison

Illustrated notes

Levels and vault maps discovered:
D:1:      dpeg_arrival_arbitrary_c, layout_loops_ring, hangedman_feature_mirror,
          hangedman_abyss_or_decor_lesser_grid
D:2:      minmay_wonky_spiral, layout_loops_ring, uniq_jessica
D:3:      layout_basic, dreamdust_ecumenical_altar_drowned_temple, uniq_terence,
          uniq_robin

Skill      XL: |  1  2  3  4 |
---------------+-------------+-----
Staves         | 4 5 6 |  6.4
Fighting       | 3 4 |  4.3
Throwing       | |  2.0
Dodging        | |  3.2

Action                   |  1- 3 |  4- 6 || total
-------------------------+-------+-------++-------
Melee: Quarterstaff      |    38 |    60 ||    98
       Headbutt          |     9 |     5 ||    14
       Spear             |     8 |    55 ||    63
 Stab: Sleeping          |       |     2 ||     2
Armor: Leather armour    |    14 |    16 ||    30
       Chain mail        |       |    38 ||    38
Dodge: Dodged            |    31 |    51 ||    82

Table legend: (Time is in decaauts)
 A = Elapsed time spent in this place.
 B = Non-inter-level travel time spent in this place.
 C = Inter-level travel time spent in this place.
 D = Time resting spent in this place.
 E = Time spent auto-exploring this place.
 F = Levels seen in this place.
 G = Mean time per level.
                   A        B        C        D        E       F      G
               +--------+--------+--------+--------+--------+-----+--------+
         Total |   2726 |   2639 |     87 |    350 |   1942 |   3 |  908.7 |
       Dungeon |   2726 |   2639 |     87 |    350 |   1942 |   3 |  908.7 |
               +--------+--------+--------+--------+--------+-----+--------+

Top non-repeatable levels by time:
     D:2: 1466 daAuts
     D:1: 847 daAuts
     D:3: 411 daAuts
